 Dungeon Crawl Stone Soup version 0.28.0 (webtiles) character file.

Game seed: 16533264999032366864

30 Kold the Skirmisher (level 3, 29/29 HPs)
             Began as a Demonspawn Monk on Feb 10, 2022.
             Was an Initiate of Gozag.
             Quit the game on level 2 of the Dungeon.
             The game lasted 00:01:28 (1509 turns).

Kold the Skirmisher (Demonspawn Monk)               Turns: 1509, Time: 00:01:29

Health: 29/29      AC:  3    Str: 11    XL:     3   Next: 5%
Magic:  12/12      EV: 13    Int: 11    God:    Gozag
Gold:   148        SH:  0    Dex: 17    Spells: 2/2 levels left

rFire   + . .      SeeInvis .     - Unarmed
rCold   . . .      Faith    .   (no shield)
rNeg    . . .      Spirit   .   j - +1 robe of the Valley {rF+ Will+ MP+9}
rPois   .          Reflect  .   (no helmet)
rElec   .          Harm     .   (no cloak)
rCorr   .          Rampage  .   (no gloves)
Will    +....                   (no boots)
Stlth   ++........              (no amulet)
HPRegen 0.09/turn               (no ring)
MPRegen 0.13/turn               (no ring)

@: no status effects
A: powered by pain 1
a: Renounce Religion, Potion Petition, Call Merchant, Bribe Branch


You were on level 2 of the Dungeon.
You worshipped Gozag.
Gozag was aware of your devotion.
You visited 1 branch of the dungeon, and saw 2 of its levels.

You collected 148 gold pieces.

Inventory:

Armour
 a - a +0 robe
 j - the +1 robe of the Valley (worn) {rF+ Will+ MP+9}
   (You found it on level 2 of the Dungeon)

   rF:        It protects you from fire.
   MP:        It affects your magic capacity (+9).
   Will:      It increases your willpower.
Jewellery
 f - a ring of see invisible
Scrolls
 c - a scroll of amnesia {unknown}
 d - a scroll of blinking {unknown}
 e - 2 scrolls of identify {unknown}
 g - a scroll of enchant weapon {unknown}
 h - 2 scrolls of teleportation {unknown}
Potions
 b - a potion of curing {unknown}
 i - a potion of heal wounds {unknown}


   Skills:
 - Level 3.3 Fighting
 - Level 3.0 Dodging
 - Level 2.2 Stealth
 + Level 3.0 Unarmed Combat


You had 2 spell levels left.
You didn't know any spells.
Your spell library was empty.

Dungeon Overview and Level Annotations

Branches:
Dungeon (1/15)

Altars:
Gozag


Innate Abilities, Weirdness & Mutations

You sometimes gain a little power by taking damage.


Message History

You feel sick.
You feel sick.
You feel sick.
You feel sick.
You feel sick.
You feel sick.
You are no longer poisoned.
Key pressed, stopping explore.
You now have 142 gold pieces (gained 8).
A kobold comes into view. It is wielding a +0 dagger.
A kobold is nearby!
The kobold shouts!
The kobold hits you but does no damage.
You hit the kobold.
The kobold is moderately wounded.
The kobold barely misses you.
You closely miss the kobold.
The kobold is moderately wounded.
The kobold closely misses you.
You closely miss the kobold.
The kobold is moderately wounded.
The kobold hits you with a +0 dagger.
You hit the kobold.
You kill the kobold!
No target in view!
Okay, then.
You now have 148 gold pieces (gained 6).
You see here a +0 dagger.
An adder comes into view.
An adder is nearby!
An adder is nearby!
The adder hisses angrily.
You closely miss the adder. The adder barely misses you.
You hit the adder.
The adder is moderately wounded.
The adder barely misses you.
You hit the adder.
The adder is severely wounded.
The adder bites you but does no damage. The adder misses you.
Are you sure you want to abandon this character and quit the game? (Confirm with "yes".)

### ##### ..# # #...####
#.#.# #.......
#######.#.#######.......
.......S................
$ #@# ######....... #.#
#....... ###.# #.......
#...# #...#### #.###
##..# #.# #.# ##.#
#####.###.# #..#### $
#.......#.# #.....#
#.###.#.#.# #.#.#.#


You could see an adder.

Vanquished Creatures
  An adder (D:2)
  A ball python (D:1)
  4 endoplasms
  A giant cockroach (D:1)
  A hobgoblin (D:1)
  A quokka (D:1)
  A bat (D:1)
  A frilled lizard (D:1)
  5 kobolds
  6 rats
22 creatures vanquished.

Notes
Turn   | Place    | Note
-------+----------+-------------------------------------------
     0 | D:1      | Kold the Demonspawn Monk began the quest for the Orb.
     0 | D:1      | Reached XP level 1. HP: 18/18 MP: 1/1
   267 | D:1      | Found a faded altar of an unknown god.
   327 | D:1      | Prayed at the altar of an unknown god.
   327 | D:1      | Became a worshipper of Gozag Ym Sagoz the Greedy
   570 | D:1      | Gained mutation: You sometimes gain a little power by
                  | taking damage. [demonic ancestry]
   570 | D:1      | Reached XP level 2. HP: 22/24 MP: 2/2
   918 | D:1      | You fall into a shaft and drop 1 floor!
  1076 | D:2      | Identified the +1 robe of the Valley {rF+ Will+ MP+9}
  1223 | D:2      | Reached XP level 3. HP: 14/29 MP: 3/3
  1509 | D:2      | Quit the game

Illustrated notes

Levels and vault maps discovered:
D:1:      ncdulo_lavacross, layout_rooms, shapermc_ecumenical_altar_hornbeckon,
          minmay_misc_feat_pillars, minmay_circled_x
D:2:      layout_basic, serial_glass, glass_columns_a, glass_columns_b,
          minmay_strange_pillars, item_on_display_a, minmay_box_of_dots

Skill      XL: |  1  2 |
---------------+-------+-----
Stealth        | 2 |  2.2
Dodging        | 3 |  3.0
Unarmed Combat | 3 |  3.0
Fighting       | |  3.3

Action                   || total
-------------------------++-------
Melee: Unarmed           ||    88
       Punch             ||     3
 Stab: Sleeping          ||     2
Armor: Robe              ||    11
Dodge: Dodged            ||    51
